 Dungeon Crawl Stone Soup version 0.17.1-2-g5865329 (webtiles) character file.

4182 seren the Thaumaturge (level 10, -1/58 HPs)
             Began as a Gargoyle Earth Elementalist on Jan 16, 2016.
             Was a Believer of Vehumet.
             Slain by a wolf (4 damage)
             ... led by Grum
             ... on level 9 of the Dungeon on Jan 18, 2016.
             The game lasted 02:42:40 (17983 turns).

seren the Thaumaturge (GrEE)                       Turns: 17983, Time: 02:42:40

Health: -1/58      AC: 23    Str: 13    XL:     10   Next: 28%
Magic:  6/22       EV: 15    Int: 18    God:    Vehumet [**....]
Gold:   128        SH:  0    Dex: 10    Spells: 4 memorised, 16 levels left

rFire  + + .     SeeInvis .     m - +2 flail (protect)
rCold  . . .     Clarity  .     u - +2 robe {rF+}
rNeg   + . .     SustAt   .     (no shield)
rPois  ∞         Gourm    .     t - +1 helmet
rElec  +         Spirit   .     B - +2 cloak
rCorr  .         Warding  .     F - +1 pair of gloves
rMut   .         Stasis   .     (no boots)
MR     .....                    (no amulet)
Stlth  ++........               J - ring of protection from fire
                                q - +2 ring of evasion

@: not resistant to hostile enchantments, unstealthy
A: negative energy resistance 1, electricity resistance, unbreathing,
petrification resistance, rot immunity, AC +7
a: Renounce Religion


You were on level 9 of the Dungeon.
You worshipped Vehumet.
Vehumet was pleased with you.
You were not hungry.

You visited 2 branches of the dungeon, and saw 11 of its levels.

You collected 511 gold pieces.
You spent 383 gold pieces at shops.

Inventory:

Hand Weapons
 g - a +0 dagger of protection
 i - a +0 whip
 m - a +2 flail of protection (weapon)
Missiles
 b - 371 stones (quivered)
Armour
 t - a +1 helmet (worn)
 u - a +2 robe of fire resistance (worn)
 B - a +2 cloak (worn)
 F - a +1 pair of gloves (worn)
Magical Staves
 s - an uncursed staff of wizardry
Jewellery
 q - a +2 ring of evasion (left hand)
 J - a ring of protection from fire (right hand)
 K - an uncursed ring of ice
Wands
 d - a wand of polymorph (15)
 l - a wand of teleportation (3)
 w - a wand of enslavement (16)
 y - a wand of teleportation (4)
 A - a wand of polymorph (11)
 C - a wand of fireball (11)
 E - a wand of enslavement (8)
 H - a wand of magic darts (15)
Scrolls
 a - 2 scrolls of remove curse
 h - 2 scrolls of blinking
 j - 4 scrolls of recharging
 k - a scroll of identify
 z - a scroll of noise {unknown}
 D - a scroll of vulnerability {unknown}
 G - 2 scrolls of enchant weapon {unknown}
 I - a scroll of teleportation
Potions
 e - 6 potions of flight
 n - 2 potions of might
 p - a potion of ambrosia {unknown}
 v - 2 potions of beneficial mutation
 x - 2 potions of agility {unknown}
Books
 c - a book of Geomancy

   Spells                             Type                      Level
   a - Sandblast                      Earth                        1
   b - Stoneskin                      Transmutation/Earth          2
   c - Passwall                       Transmutation/Earth          3
   d - Stone Arrow                    Conjuration/Earth            3
   e - Petrify                        Transmutation/Earth          4
   f - Lee's Rapid Deconstruction     Earth                        5
 L - a book of Conjurations

   Spells                             Type                      Level
   a - Magic Dart                     Conjuration                  1
   b - Searing Ray                    Conjuration                  2
   c - Dazzling Spray                 Conjuration/Hexes            3
   d - Fulminant Prism                Conjuration/Hexes            4
   e - Iskenderun's Mystic Blast      Conjuration                  4
   f - Iskenderun's Battlesphere      Conjuration/Charms           5
Comestibles
 r - a meat ration


   Skills:
 + Level 4.4 Fighting
 + Level 2.8(3.5) Maces & Flails
 - Level 3.1(3.6) Staves
 - Level 3.1 Armour
 + Level 3.8 Dodging
 - Level 2.1 Stealth
 * Level 8.1 Spellcasting
 + Level 6.4 Conjurations
 - Level 0.7 Transmutations
 + Level 8.1 Earth Magic


You had 16 spell levels left.
You knew the following spells:

 Your Spells              Type           Power        Failure   Level  Hunger
a - Sandblast             Erth           #####.       1%          1    None
b - Stone Arrow           Conj/Erth      ####..       1%          3    #......
c - Stoneskin             Trmt/Erth      ###.....     2%          2    None
d - Passwall              Trmt/Erth      ###.......   6%          3    #......


Dungeon Overview and Level Annotations

Branches:
Dungeon (10/15)            Temple (1/1) D:4
   Lair: D:8-11         Orc: D:9-12

Altars:
Ashenzari
Cheibriados
Dithmenos
Elyvilon
Fedhas
Gozag
Kikubaaqudgha
Makhleb
Nemelex Xobeh
Okawaru
Qazlal
Ru
Sif Muna
Vehumet
Xom
Yredelemnul
Zin
The Shining One

Shops:
D:4 [   D:6 [   D:7 ?

Annotations:
D:7 Troll


Innate Abilities, Weirdness & Mutations

You are resistant to torment.
Your stone body is resilient (AC +7).
You are immune to poison.
You resist negative energy.
You are resistant to electric shocks.
You can survive without breathing.
You are immune to petrification.
You are immune to rotting.


Message History

The wolf bites you.
* * * LOW HITPOINT WARNING * * *
The wolf barely misses you. The wolf bites you!
* * * LOW HITPOINT WARNING * * *
There is a stone staircase leading up here.
Things that are here:
a scale mail; a long sword Drink which item? (? for menu, Esc to quit)
You feel better. The wolf misses you. The wolf bites you but does no damage.
The wolf bites you.
* * * LOW HITPOINT WARNING * * *
The wolf bites you but does no damage. The wolf bites you!
* * * LOW HITPOINT WARNING * * *
The wolf closely misses you. The wolf closely misses you.
The wolf completely misses you. The wolf closely misses you.
The wolf bites you but does no damage. The wolf bites you.
* * * LOW HITPOINT WARNING * * *
The wolf bites you.
You die...

######## ########
..>....##############......#
.†.....#............#......#
.......#............#......#....#
....)..#.........<..#......#....#
.......#.......hhh..#.)....#....#
................@...#......#....#
.........######†#####......##....
#########.h...#.##.....####....#
#h....#..+.....'..#....#
#.....#..#.....#..'....#
##.....#'##.....####....##
#........................#
#........................#
#........................#


You could see 3 wolves.

Vanquished Creatures
  Grinder (D:2)
  A two-headed ogre (D:9)
  3 deep elf magi (D:9)
  Grum (D:9)
  A wolf (D:9)
  A phantom (D:5)
  A sky beast (D:9)
  An ice beast (D:5)
  A wasp (D:5)
  2 ogres
  2 centaurs
  Blork the orc (D:6)
  7 giant frogs
  3 scorpions
  5 wights (D:6)
  A crimson imp (D:5)
  3 hounds
  5 jellies
  A quasit (D:8)
  5 orc priests
  A centaur skeleton (D:4)
  7 orc wizards
  3 iguanas
  9 worker ants
  A hound skeleton (D:5)
  Robin (D:2)
  15 gnolls
  A worker ant zombie (D:7)
  14 adders
  A shadow imp (D:8)
  An ooze (D:3)
  8 worms
  2 adder skeletons
  5 giant geckos
  19 orcs
  11 bats
  9 hobgoblins
  18 jackals
  12 kobolds
  7 quokkas
  2 ball pythons
  2 giant cockroaches
  2 giant newts
  18 goblins
  A jackal skeleton (D:9)
  12 rats
  A fungus (D:1)
229 creatures vanquished.

Notes
Turn   | Place    | Note
--------------------------------------------------------------
     0 | D:1      | seren the Gargoyle Earth Elementalist began the quest for the Orb.
     0 | D:1      | Reached XP level 1. HP: 10/10 MP: 3/3
   346 | D:1      | Reached XP level 2. HP: 15/15 MP: 1/5
   419 | D:1      | Reached skill level 4 in Earth Magic
   916 | D:1      | Reached XP level 3. HP: 19/19 MP: 4/6
   921 | D:1      | Learned a level 3 spell: Stone Arrow
  1747 | D:2      | Found a blossoming altar of Fedhas.
  1775 | D:2      | Found a faded altar to an unknown god.
  2000 | D:3      | Noticed Robin
  2187 | D:2      | Found a shadowy altar of Dithmenos.
  2197 | D:2      | Reached skill level 1 in Conjurations
  2306 | D:2      | Reached XP level 4. HP: 8/24 MP: 2/8
  2503 | D:1      | Learned a level 2 spell: Stoneskin
  3426 | D:2      | Reached XP level 5. HP: 28/28 MP: 6/10
  3861 | D:3      | Reached skill level 5 in Earth Magic
  5037 | D:3      | Reached XP level 6. HP: 32/32 MP: 10/12
  5206 | D:2      | Killed Robin
  6037 | D:3      | Noticed Grinder
  6166 | D:3      | Paralysed by Grinder for 6 turns
  6332 | D:2      | Killed Grinder
  6332 | D:2      | Reached XP level 7. HP: 30/36 MP: 0/14
  6704 | D:2      | Reached skill level 5 in Spellcasting
  7498 | D:4      | Found Rygrud's Antique Armour Shoppe.
  7603 | D:4      | Bought a runed cloak for 117 gold pieces
  7648 | D:4      | Found a staircase to the Ecumenical Temple.
  7659 | Temple   | Entered the Ecumenical Temple
  7742 | Temple   | Became a worshipper of Vehumet
  8030 | D:4      | Reached skill level 6 in Earth Magic
  8397 | D:4      | Found a shattered altar of Ashenzari.
  8568 | D:5      | Entered Level 5 of the Dungeon
  8825 | D:3      | Reached skill level 1 in Armour
  9364 | D:5      | Reached skill level 1 in Staves
  9364 | D:5      | Reached XP level 8. HP: 42/42 MP: 8/16
 10152 | D:5      | Reached skill level 1 in Fighting
 11145 | D:6      | Noticed a gargoyle
 11414 | D:6      | Found Bulyecw's Antique Armour Emporium.
 11429 | D:6      | Bought a pair of transparent boots for 266 gold pieces
 11429 | D:6      | Identified the +0 pair of boots of Xeasiuto {rCorr MP-9 Str+4} (You bought it in a shop on level 6 of the Dungeon)
 11631 | D:6      | Reached skill level 5 in Conjurations
 11885 | D:6      | Reached * piety under Vehumet
 11885 | D:6      | Offered knowledge of Freeze by Vehumet.
 11902 | D:6      | Learned a level 3 spell: Passwall
 12300 | D:6      | Reached XP level 9. HP: 49/49 MP: 13/18
 12415 | D:6      | Found an iron altar of Okawaru.
 12415 | D:6      | Found a shimmering altar of Xom.
 12563 | D:6      | Noticed Blork the orc
 13289 | D:7      | Reached skill level 7 in Earth Magic
 13399 | D:7      | Found Addiule's Magic Scroll Shoppe.
 13444 | D:7      | Found a basalt altar of Yredelemnul.
 13541 | D:7      | Noticed a troll
 14158 | D:6      | Killed Blork the orc
 14920 | D:5      | Reached skill level 1 in Maces & Flails
 15676 | D:8      | Found a snail-covered altar of Cheibriados.
 16810 | D:8      | Offered knowledge of Sting by Vehumet.
 17076 | D:9      | Reached XP level 10. HP: 52/56 MP: 15/21
 17290 | D:9      | Reached ** piety under Vehumet
 17388 | D:9      | Noticed Grum
 17652 | D:9      | Noticed a moth of wrath
 17692 | D:9      | Reached skill level 8 in Earth Magic
 17821 | D:10     | Entered Level 10 of the Dungeon
 17906 | D:9      | Killed Grum
 17983 | D:9      | Slain by a wolf

Action                   |  1- 3 |  4- 6 |  7- 9 | 10-12 || total
-------------------------+-------+-------+-------+-------++-------
Melee: Club              |     1 |       |       |       ||     1
       Whip              |    54 |    14 |       |       ||    68
       Staff             |       |     6 |   125 |       ||   131
       Flail             |       |       |    28 |    40 ||    68
Throw: Stone             |     5 |     1 |     1 |       ||     7
 Cast: Sandblast         |    72 |   176 |   569 |    39 ||   856
       Stone Arrow       |       |     3 |    13 |    15 ||    31
       Stoneskin         |       |     2 |    19 |     3 ||    24
       Passwall          |       |       |     1 |       ||     1
Evoke: Wand              |       |       |     1 |       ||     1
  Use: Scroll            |       |     4 |    15 |       ||    19
       Potion            |       |     1 |     7 |     1 ||     9
  Eat: Chunk             |     2 |    11 |     8 |     1 ||    22
       Bread ration      |     1 |       |     4 |     1 ||     6
       Pizza             |       |       |     1 |       ||     1
       Meat ration       |       |       |     1 |       ||     1
       Royal jelly       |       |       |     1 |       ||     1
